Map: Chantier naval orbital

Players

PresumingEd - Winner!

  • Race: Zerg Zerg
  • League: Silver

AgCl

  • Race: Protoss Protoss
  • League: Silver

VOD

Have the link to the VOD?

Description

Time

  • Played on: July 14, 2015, 4:22 a.m.
  • Length: 8:57
Show
View Real Time Build Order
Export as new Build Order

PresumingEd Zerg - Winner!

Build Orders: Hatch First 

Get SALT Encoding   

  12  0:15  Overlord  
  12  0:18  Drone x2  
  14  0:37  Drone  
  14  0:38  Drone  
  16  0:50  Hatchery  
  16  0:54  Drone  
  16  1:08  Spawning Pool  
  15  1:17  Drone x2  
  17  1:23  Drone  
  18  1:42  Drone x2  
  20  1:52  Overlord  
  20  1:59  Hatchery  
  19  2:01  Queen  
  19  2:03  Drone  
  19  2:08  Drone  
  23  2:17  Queen  
  23  2:18  Drone  
  26  2:23  Drone, Extractor  
  26  2:25  Drone  
  27  2:36  Drone x3  
  30  2:47  Zergling x4  
  32  2:52  Queen  
  34  3:01  Zergling x4  
  36  3:11  Queen  
  38  3:13  Drone x3  
  38  3:14  Overlord  
  38  3:15  Drone  
  42  3:36  Drone x2  
  42  3:37  Drone x6, Overlord  
  50  3:41  Metabolic Boost  
  50  3:51  Overlord  
  50  3:55  Queen  
  50  4:02  Drone x4, Extractor  
  55  4:03  Drone x2  
  55  4:04  Extractor  
  56  4:13  Spore Crawler  
  56  4:15  Spore Crawler  
  56  4:16  Spore Crawler  
  49  4:26  Drone x2  
  49  4:27  Drone x5  
  52  4:50  Queen  
  52  4:51  Roach Warren  
  53  4:58  Zergling x20  
  53  4:59  Zergling x4  
  65  5:00  Overlord x3  
  65  5:02  Drone  
  66  5:12  Overlord x2  
  66  5:17  Queen  
  68  5:27  Drone x10  
  78  5:29  Extractor  
  78  5:30  Extractor  
  76  5:40  Lair  
  78  5:57  Queen  
  78  6:02  Drone x7  
  78  6:03  Drone x3  
  90  6:06  Extractor x2  
  88  6:25  Drone  
  78  6:45  Drone  
  78  6:46  Roach  
  98  6:47  Roach x9  
  98  6:48  Overlord x2, Hydralisk Den  
  98  6:49  Overlord x2  
  97  6:55  Overlord x3  
  97  6:59  Glial Reconstitution  
  97  7:03  Drone  
  97  7:04  Evolution Chamber  
  97  7:05  Evolution Chamber, Queen  
  97  7:06  Queen x2  
  102  7:20  Hydralisk x9  
  102  7:21  Hydralisk x6  
  132  7:26  Hydralisk x2  
  132  7:27  Hydralisk  
  138  7:31  Muscular Augments  
  138  7:41  Spore Crawler x2  
  138  7:42  Spore Crawler  
  135  7:45  Spore Crawler  
  118  8:04  Hydralisk x9  
  118  8:05  Hydralisk x2  
  130  8:09  Queen  
  132  8:23  Spire  
  113  8:56  Hatchery  
Show
View Real Time Build Order
Export as new Build Order

AgCl Protoss 

Build Orders: Oracle Opening, Carrier Rush 

Get SALT Encoding   

  12  0:03  Probe  
  13  0:18  Probe  
  14  0:21  Pylon  
  14  0:31  Assimilator  
  14  0:39  Probe  
  15  0:47  Gateway  
  15  0:52  Probe (Chrono Boost)  
  16  1:02  Probe (Chrono Boost)  
  17  1:09  Probe (Chrono Boost)  
  18  1:12  Pylon  
  18  1:15  Assimilator  
  18  1:21  Probe (Chrono Boost)  
  19  1:27  Probe (Chrono Boost)  
  20  1:34  Zealot (Chrono Boost)  
  20  1:38  Probe  
  23  1:48  Cybernetics Core  
  23  1:50  Probe  
  24  2:02  Probe (Chrono Boost)  
  25  2:14  Probe (Chrono Boost)  
  26  2:21  Probe (Chrono Boost)  
  27  2:25  Stargate  
  27  2:30  Warp Gate  
  27  2:31  Probe  
  28  2:44  Mothership Core  
  30  2:50  Nexus  
  30  2:55  Pylon  
  30  3:09  Probe  
  29  3:13  Oracle (Chrono Boost)  
  32  3:21  Probe  
  33  3:27  Fleet Beacon  
  33  3:28  Assimilator  
  33  3:33  Probe  
  34  3:45  Probe (Chrono Boost)  
  35  3:53  Assimilator  
  35  3:57  Probe (Chrono Boost)  
  37  4:04  Probe (Chrono Boost)  
  37  4:08  Probe (Chrono Boost)  
  38  4:11  Probe (Chrono Boost)  
  38  4:15  Probe (Chrono Boost), Carrier (Chrono Boost)  
  40  4:19  Probe  
  41  4:26  Probe  
  37  4:31  Probe  
  37  4:35  Graviton Catapult  
  42  4:40  Probe (Chrono Boost)  
  42  4:43  Probe (Chrono Boost)  
  45  4:54  Probe (Chrono Boost)  
  45  4:55  Probe (Chrono Boost)  
  46  5:02  Probe (Chrono Boost)  
  46  5:05  Probe (Chrono Boost)  
  48  5:07  Stargate  
  48  5:09  Pylon  
  48  5:12  Carrier (Chrono Boost)  
  48  5:13  Probe (Chrono Boost)  
  48  5:14  Probe (Chrono Boost)  
  50  5:20  Probe (Chrono Boost)  
  52  5:21  Probe (Chrono Boost)  
  52  5:30  Probe  
  52  5:32  Probe  
  52  5:33  Gateway  
  60  5:46  Carrier (Chrono Boost)  
  60  5:49  Protoss Air Weapons Level 1  
  60  5:50  Pylon  
  60  5:51  Gateway  
  60  6:10  Probe  
  67  6:15  Pylon  
  67  6:18  Gateway  
  67  6:24  Adept  
  58  6:26  Carrier (Chrono Boost)  
  42  6:42  Probe (Chrono Boost)  
  44  6:53  Probe (Chrono Boost)  
  50  6:57  Probe (Chrono Boost)  
  51  7:03  Probe  
  52  7:12  Probe  
  50  7:16  Probe  
  51  7:27  Probe, Pylon  
  52  7:32  Probe  
  53  7:39  Probe  
  54  7:44  Probe  
  55  7:51  Probe  
  54  8:15  Pylon  
  54  8:21  Probe x2 (Chrono Boost)  
  56  8:30  Probe (Chrono Boost)  
  56  8:31  Probe (Chrono Boost)  
  56  8:33  Adept  
  60  8:38  Probe  
  60  8:40  Adept  
  63  8:47  Adept  
Tags
 
Add a new tag
Caveats
  • Supply blocks, unpowered buildings, or Contaminate may cause inaccurate times.
  • Supply counts are checked every 10 seconds.